 Dungeon Crawl Stone Soup version 0.32-a0-128-g77eb882913 (webtiles) character file.

Game seed: 16672633623503799124

168 pascalblue the Grave Robber (level 5, 0/28 HPs)
             Began as a Deep Elf Necromancer on Jan 31, 2024.
             Killed from afar by an orc wizard (7 damage)
             ... with a magic dart
             ... on level 3 of the Dungeon on Feb 7, 2024.
             The game lasted 00:11:48 (2295 turns).

pascalblue the Grave Robber (Deep Elf Necromancer)  Turns: 2295, Time: 00:11:49

Health: 0/28       AC:  2    Str:  5    XL:     5   Next: 24%
Magic:  9/14       EV: 12    Int: 22    God:
Gold:   93         SH:  0    Dex: 15    Spells: 9/13 levels left

rFire   . . .        g - +0 dagger
rCold   . . .        (no shield)
rNeg    . . .        a - +0 robe
rPois   .            (no helmet)
rElec   .            (no cloak)
rCorr   .            (no gloves)
SInv    .            (no boots)
Will    .....        (no amulet)
Stlth   ++           (no ring)
HPRegen 0.24/turn    (no ring)
MPRegen 0.14/turn

%: no passive effects
@: no status effects
A: no striking features
a: no special abilities


You were on level 3 of the Dungeon.
You visited 1 branch of the dungeon, and saw 3 of its levels.

You collected 93 gold pieces.

Inventory:

Hand Weapons
 g - a +0 dagger (weapon)
Armour
 a - a +0 robe (worn)
Magical Staves
 l - a staff of fire
Scrolls
 c - a scroll of immolation {unknown}
 e - 2 scrolls of poison {unknown}
 f - a scroll of enchant armour {unknown}
 k - a scroll of teleportation {unknown}
 n - a scroll of fear {unknown}
 q - a scroll of identify {unknown}
Potions
 b - a potion of magic
 d - 3 potions of attraction {unknown}
 h - a potion of lignification {unknown}
 i - 2 potions of cancellation {unknown}
 j - a potion of ambrosia {unknown}
 m - a potion of brilliance {unknown}
 o - 2 potions of curing {unknown}
 p - a potion of haste {unknown}


   Skills:
 - Level 2.4 Dodging
 - Level 2.4 Stealth
 + Level 4.9 Spellcasting
 * Level 7.0 Necromancy


You had 9 spell levels left.
You knew the following spells:

 Your Spells              Type           Power      Damage    Failure   Level
a - Necrotise             Necr           100%       1d9       1%          1
b - Vampiric Draining     Necr           36%        2d8       1%          3

Your spell library contained the following spells:

 Spells                   Type           Power      Damage    Failure   Level
 Animate Dead             Necr           36%        N/A       5%          4
 Curse of Agony           Necr           36%        N/A       16%         5
 Haunt                    Necr/Summ      10%        N/A       100%        7
 Borgnjor's Revivificati  Necr           18%        N/A       100%        8
 Death's Door             Necr           18%        N/A       100%        9


Dungeon Overview and Level Annotations

Branches:
Dungeon (3/15)

Altars:

Shops:
D:2 *


Message History

Something writhes in agony!
You hear some strange, mumbled words.
You are confused.
You're too confused to cast spells.
Sorry, you're not good enough to have a special ability.
You're too confused to cast spells.
Sorry, you're not good enough to have a special ability.
You're too confused to cast spells.
You're too confused to cast spells.
You bump into the rock wall.
Something hits you.
* * * LOW HITPOINT WARNING * * *
An orc wizard appears from thin air!
Reactivating autopickup.
Your orc skeleton closely misses the orc wizard.
You're too confused to cast spells.
Sorry, you're not good enough to have a special ability.
Unknown command.
You bump into the rock wall.
The orc wizard hits you with a +0 dagger.
* * * LOW HITPOINT WARNING * * *
Okay, then.
You bump into the rock wall.
Your orc skeleton hits the orc wizard but does no damage.
The orc wizard hits your orc skeleton with a +0 dagger.
You're too confused to cast spells.
Sorry, you're not good enough to have a special ability.
Your orc skeleton closely misses the orc wizard.
The orc wizard hits your orc skeleton with a +0 dagger.
You feel less confused.
The orc wizard gestures at something while chanting.
Something misses the orc wizard.
Casting: Necrotise (safe; 1% risk of failure)
Confirm with . or Enter, or press ? or * to list all spells.
Aiming: Necrotise (safe; 1% risk of failure)
Press: ? - help, Shift-Dir - straight line, f - orc wizard
Aim: an orc wizard, wielding a +0 dagger and wearing a +0 robe (heavily wounded, not watching you, chance to affect: 83%)
The orc wizard barely resists.
The orc wizard gestures at you while chanting.
The magic dart hits you!
You die...

######## #......#
#######.###.#######
.................>#
#######.###.#####.#
#.@.###.# #.#
#.#)....# #<#
#o####### ###
#.....# #####)# #'#
{J. r.... J......


You could see an orc wizard.

Vanquished Creatures
  Natasha (twice) (D:2)
  An orc wizard (D:3)
  2 adders (D:2)
  2 dart slugs
  2 ribbon worms (D:2)
  An orc (D:3)
  6 ball pythons
  4 endoplasms
  2 giant cockroaches
  9 goblins
  6 hobgoblins
  4 jackals (D:2)
  4 quokkas
  4 bats
  3 frilled lizards
  4 kobolds
56 creatures vanquished.

Vanquished Creatures (collateral kills)
  An endoplasm (D:1)
  A goblin (D:2)
  2 hobgoblins
  2 frilled lizards
6 creatures vanquished.

Grand Total: 62 creatures vanquished

Notes
Turn   | Place    | Note
-------+----------+-------------------------------------------
     0 | D:1      | pascalblue the Deep Elf Necromancer began the quest for the
                  | Orb.
     0 | D:1      | Reached XP level 1. HP: 10/10 MP: 6/6
    64 | D:1      | Reached skill level 5 in Necromancy
    90 | D:1      | Reached XP level 2. HP: 8/15 MP: 6/8
   595 | D:1      | Found a faded altar of an unknown god.
   719 | D:1      | Reached XP level 3. HP: 19/19 MP: 8/10
   723 | D:1      | Learned a level 3 spell: Vampiric Draining
  1339 | D:2      | Reached skill level 6 in Necromancy
  1339 | D:2      | Upgraded the game from 0.32-a0-42-ga30500b4d3 to
                  | 0.32-a0-128-g77eb882913
  1432 | D:2      | Found Peat's Assorted Antiques.
  1726 | D:2      | Reached XP level 4. HP: 24/24 MP: 10/12
  1974 | D:2      | Noticed Natasha
  1989 | D:2      | Killed Natasha
  2018 | D:2      | Noticed Natasha
  2023 | D:2      | Killed Natasha
  2024 | D:2      | Reached XP level 5. HP: 16/28 MP: 11/14
  2257 | D:3      | Reached skill level 7 in Necromancy
  2295 | D:3      | Killed from afar by an orc wizard

Illustrated notes

Levels and vault maps discovered:
D:1:      doesnt_arrival_eight_statues, layout_loops_ring,
          ebering_ecumenical_altar_rust
D:2:      kennysheep_six_static_rooms, layout_basic, serial_shops, shop,
          uniq_natasha
D:3:      layout_basic, nicolae_ru_awakened_eye

Skill      XL: |  1  2  3  4  5 |
---------------+----------------+-----
Necromancy     | 5 6 7 |  7.0
Spellcasting   | 4 |  4.9
Dodging        | |  2.4
Stealth        | |  2.4

Action                     |  1- 3 |  4- 6 || total
---------------------------+-------+-------++-------
  Melee: Unarmed           |     9 |       ||     9
         Dagger            |     1 |     3 ||     4
   Cast: Necrotise         |    74 |    37 ||   111
    Use: Potion            |     1 |       ||     1
 Armour: Robe              |    20 |    21 ||    41
  Dodge: Dodged            |    26 |    11 ||    37

Table legend: (Time is in decaauts)
 A = Elapsed time spent in this place.
 B = Non-inter-level travel time spent in this place.
 C = Inter-level travel time spent in this place.
 D = Time resting spent in this place.
 E = Time spent auto-exploring this place.
 F = Levels seen in this place.
 G = Mean time per level.
                   A        B        C        D        E       F      G
               +--------+--------+--------+--------+--------+-----+--------+
         Total |   2294 |   2235 |     59 |     10 |   1774 |   3 |  764.7 |
       Dungeon |   2294 |   2235 |     59 |     10 |   1774 |   3 |  764.7 |
               +--------+--------+--------+--------+--------+-----+--------+

Top non-repeatable levels by time:
     D:2: 1254 daAuts
     D:1: 969 daAuts
     D:3: 70 daAuts
